 Dungeon Crawl Stone Soup version 0.30-a0-34-gbe8da3892a (webtiles) character file.

Game seed: 2311237648918518559

487 porpoise the Poker (level 7, -1/58 HPs)
             Began as a Merfolk Gladiator on Aug 27, 2022.
             Was an Initiate of Yredelemnul.
             Slain by a gnoll
             ... wielding a +0 halberd
             ... led by a gnoll bouda
              (8 damage)
             ... on level 5 of the Dungeon on Aug 28, 2022.
             The game lasted 00:18:20 (4777 turns).

porpoise the Poker (Merfolk Gladiator)              Turns: 4777, Time: 00:18:20

Health: -1/58      AC:  8    Str: 16    XL:     7   Next: 13%
Magic:  7/7        EV:  6    Int: 12    God:    Yredelemnul [......]
Gold:   285        SH:  0    Dex: 15    Spells: 6/6 levels left

rFire   + . .      SeeInvis +    a - +0 trident
rCold   + . .      Faith    .    f - +1 buckler
rNeg    . . .      Spirit   .    w - +0 ring mail "Cyucraem" {Int+4 SInv}
rPois   .          Reflect  .    c - +0 helmet
rElec   .          Harm     .    x - +1 cloak "Gysmuu" {rF+ Regen+ rCorr Slay+3}
rCorr   +          Rampage  .    (no gloves)
Will    .....                    (no boots)
Stlth   +.........               (no amulet)
HPRegen 0.99/turn                n - ring of protection from cold
MPRegen 0.10/turn                (no ring)

@: weakened, held
A: (nimble swimmer 2), mertail
a: Renounce Religion, Recall Undead Harvest


You were on level 5 of the Dungeon.
You worshipped Yredelemnul.
Yredelemnul was noncommittal.
You visited 2 branches of the dungeon, and saw 6 of its levels.
You also visited: Ossuary.

You collected 285 gold pieces.

Inventory:

Hand Weapons
 a - a +0 trident (weapon)
 b - a +0 sling
Missiles
 d - 3 throwing nets (quivered)
 e - 4 javelins
Armour
 c - a +0 helmet (worn)
 f - a +1 buckler (worn)
 w - the +0 ring mail "Cyucraem" (worn) {Int+4 SInv}
   (You found it on level 2 of the Dungeon)

   Int:       It affects your intelligence (+4).
   SInv:      It lets you see invisible.
 x - the +1 cloak "Gysmuu" (worn) {rF+ Regen+ rCorr Slay+3}
   (You found it on level 2 of the Dungeon)

   Slay:      It affects your accuracy & damage with ranged weapons and melee
   (+3).
   rF:        It protects you from fire.
   Regen:     It increases your rate of health regeneration.
   rCorr:     It protects you from acid and corrosion.
Jewellery
 n - a ring of protection from cold (left hand)
 o - a ring of fire
Wands
 u - a wand of light (11)
Scrolls
 j - 2 scrolls of poison
 p - a scroll of immolation {unknown}
 r - 2 scrolls of enchant armour
 v - a scroll of vulnerability {unknown}
 y - 2 scrolls of amnesia {unknown}
 z - a scroll of magic mapping
 A - 2 scrolls of enchant weapon {unknown}
 B - a scroll of fear {unknown}
 C - a scroll of fog {unknown}
 E - a scroll of teleportation {unknown}
Potions
 g - a potion of might
 h - 2 potions of magic
 k - 4 potions of curing
 l - 3 potions of heal wounds
 m - 2 potions of flight
 q - a potion of lignification
 s - 2 potions of brilliance
 t - a potion of attraction
 D - a potion of cancellation {unknown}


   Skills:
 + Level 6.0 Fighting
 + Level 7.8 Polearms
 - Level 2.0 Throwing
 - Level 4.0 Dodging


You had 6 spell levels left.
You didn't know any spells.
Your spell library contained the following spells:

 Spells                   Type           Power      Damage    Failure   Level
 Ensorcelled Hibernation  Hex/Ice        0%         N/A       80%         2
 Ozocubu's Armour         Ice            0%         N/A       95%         3
 Portal Projectile        Hex/Tloc       0%         N/A       95%         3
 Spider Form              Tmut/Pois      0%         N/A       95%         3
 Tukima's Dance           Hex            0%         N/A       95%         3
 Anguish                  Hex/Necr       0%         N/A       100%        4
 Blade Hands              Tmut           0%         N/A       100%        5
 Ozocubu's Refrigeration  Ice            0%         4d7       100%        7


Dungeon Overview and Level Annotations

Branches:
Dungeon (5/15)             Temple (1/1) D:4         Ossuary (visited)

Altars:
Ashenzari
Cheibriados
Elyvilon
Fedhas
Gozag
Hepliaklqana
Kikubaaqudgha
Makhleb
Okawaru
Qazlal
Ru
Sif Muna
Trog
Uskayaw
Vehumet
Wu Jian
Xom
Yredelemnul
Zin
The Shining One

Shops:
D:4 [

Annotations:
D:2 /dig


Innate Abilities, Weirdness & Mutations

((You are very nimble when in or above water. (Stealth+, EV+, Speed+++)))
Your lower body shifts to a powerful aquatic tail in water.


Message History

The gnoll is almost dead.
Your spectral white imp hits the gnoll but does no damage.
The gnoll hits your spectral white imp with a +0 whip.
The gnoll hits you from afar with a +0 halberd.
Your gnoll zombie hits the gnoll.
The gnoll hits you from afar with a +0 halberd.
* * * LOW HITPOINT WARNING * * *
You puncture the gnoll bouda!
The gnoll bouda is moderately wounded.
Your spectral white imp hits the gnoll but does no damage.
The gnoll hits your spectral white imp with a +0 whip!
Your spectral white imp is destroyed!
The gnoll hits you but does no damage. You block the gnoll's attack.
The gnoll shouts!
You hit the gnoll.
You kill the gnoll!
The gnoll barely misses you.
Your gnoll zombie closely misses the gnoll.
The gnoll bouda barely misses you. The gnoll barely misses you.
The gnoll hits you but does no damage. The gnoll barely misses you.
Your Fighting skill increases to level 6!
You puncture the gnoll bouda!
The gnoll bouda is severely wounded.
Your gnoll zombie hits the gnoll.
The gnoll misses you.
The gnoll bouda hits you with a +0 club.
* * * LOW HITPOINT WARNING * * *
The gnoll throws a throwing net.
The throwing net hits you.
You become entangled in the net!
You struggle against the net.
The gnoll hits you from afar with a +0 halberd.
* * * LOW HITPOINT WARNING * * *
Your gnoll zombie barely misses the gnoll.
The gnoll hits you but does no damage.
The gnoll bouda hits you with a +0 club.
* * * LOW HITPOINT WARNING * * *
The gnoll barely misses you.
You struggle against the net.
The gnoll hits you from afar with a +0 halberd!
You die...
Your body rises from the dead as a mindless zombie.

..###+###............#
......................#
..................#..##
....>.............#.##
..................###
.................##
.......#.......###
#.##..###.....$#
......)@g....#
.[.....#).Z.####
.....$..ggg..#
..>.......!...#
...............#
.........##...#
.......... ....
.......... [.#


You could see a gnoll bouda, 3 gnolls and a friendly gnoll zombie.

Vanquished Creatures
  A water moccasin zombie (Ossuary)
  A wight (Ossuary)
  4 centaur zombies (Ossuary)
  2 bullfrog zombies (Ossuary)
  A hound (D:4)
  A mummy (D:4)
  2 gnolls (D:5)
  2 adders
  A white imp (D:5)
  An adder zombie (Ossuary)
  2 worms
  2 dart slugs
  An orc (D:5)
  A bat (D:1)
  5 endoplasms
  3 giant cockroaches
  5 gnoll zombies (Ossuary)
  11 hobgoblins
  6 jackals
  2 quokkas (D:2)
  6 ball pythons
  2 frilled lizards (D:2)
  9 goblins
  5 goblin zombies
  5 hobgoblin zombies (Ossuary)
  3 kobolds
  3 orc zombies (Ossuary)
  5 rats
  A toadstool (D:1)
93 creatures vanquished.

Vanquished Creatures (collateral kills)
  A kobold zombie (D:4)
1 creature vanquished.

Vanquished Creatures (others)
  A spectral white imp (D:5)
  An orc zombie (D:5)
  4 toadstools (D:1)
6 creatures vanquished.

Grand Total: 100 creatures vanquished

Notes
Turn   | Place    | Note
-------+----------+-------------------------------------------
     0 | D:1      | porpoise the Merfolk Gladiator began the quest for the Orb.
     0 | D:1      | Reached XP level 1. HP: 16/16 MP: 1/1
   226 | D:1      | Reached XP level 2. HP: 15/23 MP: 2/2
   828 | D:1      | Reached XP level 3. HP: 26/29 MP: 3/3
   941 | D:2      | Found a faded altar of an unknown god.
   941 | D:2      | You fall into a shaft and drop 1 floor!
  1136 | D:3      | Reached skill level 5 in Polearms
  1314 | D:3      | Found a burning altar of Makhleb.
  1862 | D:2      | Reached XP level 4. HP: 21/35 MP: 4/4
  2072 | D:2      | Identified the +0 ring mail "Cyucraem" {Int+4 SInv}
  2327 | D:2      | Identified the +1 cloak "Gysmuu" {rF+ Regen+ rCorr Slay+3}
  3360 | D:4      | Found a sand-covered staircase.
  3385 | Ossuary  | Entered an ossuary
  3485 | Ossuary  | Reached skill level 6 in Polearms
  3485 | Ossuary  | Reached XP level 5. HP: 43/43 MP: 5/5
  3536 | Ossuary  | Reached skill level 5 in Fighting
  3536 | Ossuary  | Reached XP level 6. HP: 41/51 MP: 6/6
  3566 | Ossuary  | Reached skill level 7 in Polearms
  3670 | Ossuary  | Noticed a silent spectre
  3919 | D:4      | Found a staircase to the Ecumenical Temple.
  3932 | Temple   | Entered the Ecumenical Temple
  4114 | Temple   | Became a worshipper of Yredelemnul the Dark
  4271 | D:4      | Reached XP level 7. HP: 54/57 MP: 7/7
  4436 | D:4      | Found Wautew's Antique Armour Boutique.
  4475 | D:4      | Found a snail-covered altar of Cheibriados.
  4700 | D:5      | Entered Level 5 of the Dungeon
  4769 | D:5      | Reached * piety under Yredelemnul
  4777 | D:5      | Slain by a gnoll

Illustrated notes

Levels and vault maps discovered:
D:1:      dpeg_arrival_simpleton_b, layout_basic,
          amcnicky_mini_rare_corridor_liquid, minmay_gold_behind_fungi
D:2:      layout_basic, shapermc_ecumenical_altar_hornbeckon,
          grunt_decor_one_mirror, grunt_ministairs_2, due_unseen_surprise
D:3:      layout_basic, mainiacjoe_overflow_brackets
D:4:      layout_loops_ring, mainiacjoe_overflow_alcove_1, temple_pool_b,
          nicolae_ossuary_entry_giza, serial_shops, nicolae_shop_stone,
          kennysheep_generic_room_10
D:5:      layout_cave_pools, kennysheep_little_box, chequers_garden,
          supply_closet_lemuel, uniq_ijyb, uniq_eustachio
Temple:   hc_temple_tempest_star

Skill      XL: |  1  2  3  4  5  6  7 |
---------------+----------------------+-----
Fighting       | 3 4 5 6 |  6.0
Polearms       | 5 6 7 |  7.8
Throwing       | |  2.0
Dodging        | |  4.0

Action                   |  1- 3 |  4- 6 |  7- 9 || total
-------------------------+-------+-------+-------++-------
Melee: Trident           |   130 |   146 |    28 ||   304
 Fire: Sling             |       |    32 |       ||    32
  Use: Scroll            |       |    11 |     2 ||    13
Armor: Scale mail        |    10 |       |       ||    10
       Ring mail         |    28 |    61 |     6 ||    95
Dodge: Dodged            |    51 |    66 |    19 ||   136
Block: Buckler           |    13 |    25 |     2 ||    40

Table legend: (Time is in decaauts)
 A = Elapsed time spent in this place.
 B = Non-inter-level travel time spent in this place.
 C = Inter-level travel time spent in this place.
 D = Time resting spent in this place.
 E = Time spent auto-exploring this place.
 F = Levels seen in this place.
 G = Mean time per level.
                   A        B        C        D        E       F      G
               +--------+--------+--------+--------+--------+-----+--------+
         Total |   4746 |   4644 |    102 |    734 |   2760 |   7 |  678.0 |
       Dungeon |   4081 |   3982 |     99 |    680 |   2524 |   5 |  816.2 |
        Temple |    265 |    262 |      3 |      0 |    236 |   1 |  265.0 |
       Ossuary |    399 |    399 |      0 |     54 |      0 |   1 |  399.0 |
               +--------+--------+--------+--------+--------+-----+--------+

Top non-repeatable levels by time:
     D:3: 1362 daAuts
     D:2: 1073 daAuts
     D:1: 866 daAuts
     D:4: 702 daAuts
 Ossuary: 399 daAuts
  Temple: 265 daAuts
     D:5: 76 daAuts
